 Dungeon Crawl Stone Soup version 0.25.1-2-g60ff931df9 (webtiles) character file.

Game seed: 2915690253903659152

1066 Cheops the Cleaver (level 8, -1/58 HPs)
             Began as a Demonspawn Fighter on Nov 1, 2020.
             Was a Believer of Uskayaw.
             Slain by a hog (4 damage)
             ... on level 7 of the Dungeon.
             The game lasted 00:20:47 (6967 turns).

Cheops the Cleaver (Demonspawn Fighter)             Turns: 6967, Time: 00:20:48

Health: -1/58      AC:  9    Str: 19    XL:     8   Next: 7%
Magic:  0/8        EV:  3    Int: 10    God:    Uskayaw [**....]
Gold:   261        SH:  9    Dex: 12    Spells: 7/7 levels left

rFire    . . .     SeeInvis .   a - +2 hand axe (venom)
rCold    . . .     Gourm    .   c - +0 kite shield
rNeg     . . .     Faith    .   j - +0 plate armour
rPois    .         Spirit   +   (no helmet)
rElec    +         Reflect  .   (no cloak)
rCorr    .         Harm     .   (no gloves)
MR       .....                  s - +0 pair of boots
Stlth    ..........             (no amulet)
HPRegen  0.19/turn              u - +4 ring of protection
MPRegen  0.22/turn              e - +4 ring of protection

@: corroded
A: claws 1, fangs 1, iridescent scales 1, deformed body, electricity resistance,
magic shield, magic regeneration
a: Stomp, Line Pass, Renounce Religion


You were on level 7 of the Dungeon.
You worshipped Uskayaw.
Uskayaw was noncommittal.
You were very hungry.

You visited 2 branches of the dungeon, and saw 8 of its levels.

You collected 261 gold pieces.

Inventory:

Hand Weapons
 a - a +2 hand axe of venom (weapon)
 b - a +0 war axe
Armour
 c - a +0 kite shield (worn)
 j - a +0 plate armour (worn)
 n - a +0 scale mail
 s - a +0 pair of boots (worn)
 v - a +1 scale mail of magic resistance
Jewellery
 e - a +4 ring of protection (right claw)
 i - an uncursed ring of protection from cold
 u - a +4 ring of protection (left claw)
 x - an uncursed ring of resist corrosion
Wands
 d - a wand of paralysis (6)
 t - a wand of polymorph (10)
 y - a wand of digging (6)
Scrolls
 g - 2 scrolls of teleportation
 k - 3 scrolls of enchant armour {unknown}
 l - 3 scrolls of remove curse
 m - a scroll of immolation {unknown}
 w - 3 scrolls of fog {unknown}
 z - a scroll of blinking {unknown}
Potions
 h - 2 potions of brilliance
 o - 2 potions of magic
 p - a potion of stabbing
 q - a potion of invisibility
 r - a potion of flight
Comestibles
 f - 8 rations


   Skills:
 - Level 3.0 Fighting
 + Level 8.9 Axes
 - Level 2.6 Armour
 - Level 2.6 Shields


You had 7 spell levels left.
You didn't know any spells.
Your spell library contained the following spells:

 Spells                   Type           Power        Failure   Level  Hunger
 Animate Skeleton         Necr           N/A          100%        1    ##.....
 Pain                     Necr           #...         100%        1    ##.....
 Vampiric Draining        Necr           #.........   100%        3    ####...
 Animate Dead             Necr           N/A          100%        4    #####..
 Agony                    Necr           #.......     100%        5    ######.


Dungeon Overview and Level Annotations

Branches:
Dungeon (7/15)             Temple (1/1) D:6

Altars:
Cheibriados
Dithmenos
Elyvilon
Fedhas
Gozag
Hepliaklqana
Kikubaaqudgha
Makhleb
Nemelex Xobeh
Okawaru
Qazlal
Ru
Sif Muna
Uskayaw
Vehumet
Wu Jian
Xom
Yredelemnul
Zin

Annotations:
D:6 1 runed translucent door, Maggie


Innate Abilities, Weirdness & Mutations

You have sharp fingernails.
You are partially covered in iridescent scales. (AC +2)
When hurt, damage is shared between your health and your magic reserves.
You regenerate magic rapidly.
You have very sharp teeth.
Armour fits poorly on your strangely shaped body.
You are resistant to electric shocks. (rElec)


Message History

You hit the hog.
The hog is severely wounded.
The hog bites you!
* * * LOW HITPOINT WARNING * * *
You hit the hog.
The hog is almost dead.
You kill the hog!
You have reached level 8!
You feel stronger. You block the hog's attack.
You can now pass through a line of other dancers.
You closely miss the hog. You block the hog's attack.
You hit the hog but do no damage. The hog bites you.
* * * LOW HITPOINT WARNING * * *
You hit the hog but do no damage.
The hog is poisoned.
The hog bites you!
* * * LOW HITPOINT WARNING * * *
You hit the hog but do no damage.
The hog looks as sick as possible!
The hog bites you.
* * * LOW HITPOINT WARNING * * *
The hog bites you.
You die...

........<..
....................
.................... #
.....?..............
.#
....................
..# ...)..............
... .....#..........
..#
#.##........$.####...#
...........#..ph@....#
..............####...#
#########...#...#
.....
###%%...'..<.##.# ....
..#%....#..........
... ..###'#
#####.###.. .. ..#...
..# ..# . ..#.. #...
.. ..## ....


You could see a hog (extremely poisoned) and a human.

Vanquished Creatures
  A hog (D:7)
  2 ogres
  2 centaurs
  2 scorpions
  A howler monkey (D:6)
  A bullfrog zombie (D:5)
  A hound (D:5)
  3 jellies
  A centaur skeleton (D:4)
  Jessica (D:2)
  3 orc wizards (D:5)
  7 adders
  A shadow imp (D:5)
  An ooze (D:1)
  An adder skeleton (D:4)
  5 worms
  4 dart slugs
  7 leopard geckos
  7 orcs
  7 giant cockroaches
  4 goblins
  5 hobgoblins
  2 jackals (D:5)
  10 kobolds
  A quokka (D:3)
  5 bats
  6 frilled lizards (D:2)
  8 rats
  A plant (D:3)
100 creatures vanquished.

Vanquished Creatures (others)
  3 plants (D:3)
3 creatures vanquished.

Grand Total: 103 creatures vanquished

Notes
Turn   | Place    | Note
-------+----------+-------------------------------------------
     0 | D:1      | Cheops the Demonspawn Fighter began the quest for the Orb.
     0 | D:1      | Reached XP level 1. HP: 18/18 MP: 1/1
    91 | D:1      | Reached skill level 2 in Axes
   147 | D:1      | Gained mutation: When hurt, damage is shared between your
                  | health and your magic reserves. [demonic ancestry]
   147 | D:1      | Reached XP level 2. HP: 21/24 MP: 2/2
   278 | D:1      | Reached skill level 3 in Axes
   665 | D:1      | Gained mutation: You are partially covered in iridescent
                  | scales. (AC +2) [demonic ancestry]
   665 | D:1      | Reached XP level 3. HP: 28/29 MP: 3/3
  1004 | D:2      | Noticed Jessica
  1006 | D:2      | Found a shadowy altar of Dithmenos.
  1010 | D:2      | Killed Jessica
  1263 | D:2      | Reached skill level 4 in Axes
  1263 | D:2      | Gained mutation: You have sharp fingernails. [demonic
                  | ancestry]
  1263 | D:2      | Reached XP level 4. HP: 35/35 MP: 4/4
  2023 | D:3      | Found an iron altar of Okawaru.
  2475 | D:3      | HP: 11/35 [worm (8)]
  2477 | D:3      | Reached XP level 5. HP: 13/41 MP: 1/5
  3185 | D:4      | Reached skill level 5 in Axes
  3221 | D:4      | Found a glowing drain.
  3312 | D:4      | HP: 15/41 [scorpion (3)]
  3316 | D:4      | HP: 7/41 [poisoned by a scorpion]
  3323 | D:4      | HP: 11/41 [scorpion (1)]
  3551 | D:4      | Noticed an ogre
  3565 | D:4      | Killed an ogre
  3565 | D:4      | Reached skill level 6 in Axes
  3565 | D:4      | Reached XP level 6. HP: 29/47 MP: 4/6
  4203 | D:5      | Entered Level 5 of the Dungeon
  4247 | D:5      | HP: 18/47 [orc/+0 hand axe (3)]
  4252 | D:5      | HP: 17/47 [bullfrog zombie (1)]
  4494 | D:5      | Found a sparkling altar of Nemelex Xobeh.
  4496 | D:5      | Found a snail-covered altar of Cheibriados.
  4708 | D:5      | Found a white marble altar of Elyvilon.
  4719 | D:5      | Found an ornate altar of the Wu Jian Council.
  4769 | D:5      | Reached skill level 7 in Axes
  4769 | D:5      | Gained mutation: You regenerate magic rapidly. [demonic
                  | ancestry]
  4769 | D:5      | Reached XP level 7. HP: 31/52 MP: 2/7
  5085 | D:5      | HP: 17/52 [acid (4)]
  5092 | D:5      | HP: 16/52 [poisoned by an orc]
  5100 | D:5      | HP: 15/52 [poisoned by an orc]
  5572 | D:6      | Found a blossoming altar of Fedhas.
  5573 | D:6      | Found a stormy altar of Qazlal.
  5621 | D:6      | Found a runed translucent door.
  5694 | D:6      | Noticed Maggie
  5704 | D:6      | HP: 11/52 [Maggie/bolt of fire (20)]
  5707 | D:6      | Gained mutation: You have very sharp teeth. [potion of
                  | mutation]
  5707 | D:6      | Gained mutation: Armour fits poorly on your strangely
                  | shaped body. [potion of mutation]
  5707 | D:6      | Gained mutation: You are resistant to electric shocks.
                  | (rElec) [potion of mutation]
  5708 | D:6      | HP: 5/52 [Maggie/bolt of fire (7)]
  6058 | D:7      | Reached skill level 8 in Axes
  6198 | D:7      | HP: 11/52 [ogre/+0 giant spiked club (20)]
  6488 | D:6      | Found a staircase to the Ecumenical Temple.
  6543 | Temple   | Entered the Ecumenical Temple
  6742 | Temple   | Became a worshipper of Uskayaw the Reveler
  6907 | D:6      | Noticed a skeletal warrior
  6938 | D:7      | Noticed a human
  6939 | D:7      | Noticed a hog
  6939 | D:7      | Noticed a yak
  6939 | D:7      | Noticed a hog
  6941 | D:7      | Noticed a yak
  6943 | D:7      | Reached * piety under Uskayaw
  6961 | D:7      | HP: 19/52 [hog (3)]
  6963 | D:7      | Killed a hog
  6963 | D:7      | Reached XP level 8. HP: 15/58 MP: 3/8
  6963 | D:7      | Reached ** piety under Uskayaw
  6966 | D:7      | HP: 7/58 [hog (7)]
  6967 | D:7      | HP: 3/58 [hog (4)]
  6967 | D:7      | Slain by a hog

Illustrated notes

Levels and vault maps discovered:
D:1:      sevenhm_arrival_forest_fort_small_6, layout_basic
D:2:      layout_loops_corners, old_standard_altar, uniq_jessica
D:3:      layout_basic, lemuel_round_altar, first_ration,
          lexackson_kobold_supper
D:4:      layout_cave_pods, gup_sewer_entry_glass
D:5:      layout_loops_ring, lemuel_round_altar, nicolae_overflow_hidden_temple,
          serial_bayou, serial_bayou_pond_c, serial_bayou_shore_b,
          serial_bayou_shore_b, serial_bayou_lagoon_a
D:6:      minmay_cornered_nines, layout_loops_ring,
          grunt_temple_overflow_forces_of_nature, minmay_temple_entry_hall,
          ebering_ghost_sewer_d, lightli_church_of_beogh, uniq_maggie
D:7:      layout_rooms, gammafunk_temple_overflow_claw, serial_shops, shop,
          grunt_livestock
Temple:   minmay_temple_curvy_loop

Skill      XL: |  1  2  3  4  5  6  7 |
---------------+----------------------+-----
Axes           | 2 3 4 6 7 8 |  8.9
Fighting       | |  3.0
Armour         | |  2.6
Shields        | |  2.6

Action                   |  1- 3 |  4- 6 |  7- 9 || total
-------------------------+-------+-------+-------++-------
Melee: War axe           |    82 |   248 |    24 ||   354
       Hand axe          |       |       |    67 ||    67
       Bite              |       |       |     5 ||     5
  Use: Potion            |       |     4 |     2 ||     6
       Scroll            |       |     7 |     2 ||     9
  Eat: Chunk             |     1 |    12 |     2 ||    15
       Ration            |       |       |     1 ||     1
Armor: Scale mail        |    44 |    77 |       ||   121
       Plate armour      |       |    54 |    56 ||   110
Dodge: Dodged            |    18 |    44 |     8 ||    70
Block: Kite shield       |    39 |   137 |    22 ||   198
